 Dungeon Crawl Stone Soup version 0.17.0-19-gb37c632 (console) character file.

22246 Kloppie the Spear-Bearer (level 12, 0/106 HPs)
             Began as a Demigod Hunter on Nov 12, 2015.
             Succumbed to a spiny frog's poison
             ... on level 3 of the Lair of Beasts.
             The game lasted 00:41:13 (14358 turns).

Kloppie the Spear-Bearer (Demigod Hunter)          Turns: 14358, Time: 00:41:13

Health: 0/106      AC: 13    Str: 27    XL:     12   Next: 30%
Magic:  15/15      EV: 14    Int: 17    God:
Gold:   548        SH:  0    Dex: 18    Spells: 0 memorised, 11 levels left

rFire  . . .     SeeInvis +     a - +5 trident {freeze, rElec rF- Str+3 SInv}
rCold  . . .     Clarity  .     k - +0 scale mail
rNeg   . . .     SustAt   +     (no shield)
rPois  .         Gourm    .     (no helmet)
rElec  +         Spirit   .     v - +2 cloak
rCorr  .         Warding  .     R - +0 pair of gloves of the Forest {Str+5}
rMut   .         Stasis   .     (no boots)
MR     +....                    i - amulet of regeneration
Stlth  +.........               h - +3 ring of evasion
                                P - ring of protection from fire

@: lethally poisoned (0 -> -12), somewhat resistant to hostile enchantments,
very unstealthy
A: high mp 1, sustain attributes
a: no special abilities


You were on level 3 of the Lair of Beasts.
You were not hungry.

You visited 2 branches of the dungeon, and saw 14 of its levels.

You collected 930 gold pieces.
You spent 382 gold pieces at shops.

Inventory:

Hand Weapons
 a - the +5 trident of Niaskies (weapon) {freeze, rElec rF- Str+3 SInv}
   (You bought it in a shop on level 6 of the Dungeon)

   It has been specially enchanted to freeze those struck by it, causing extra
   injury to most foes and up to half again as much damage against particularly
   susceptible opponents.
   It can also slow down cold-blooded creatures.
   It affects your strength (+3).
   It makes you vulnerable to fire.
   It insulates you from electricity.
   It lets you see invisible.
 b - a +0 blowgun
 H - a +0 trident
Missiles
 c - 2 throwing nets (quivered)
 y - a javelin
 A - 34 poisoned needles
Armour
 j - a +0 chain mail
 k - a +0 scale mail (worn)
 m - a +0 crystal plate armour
 v - a +2 cloak (worn)
 R - the +0 pair of gloves of the Forest (worn) {Str+5}
   (You found it on level 3 of the Lair of Beasts)

   It affects your strength (+5).
Jewellery
 f - an uncursed ring of see invisible
 h - a +3 ring of evasion (right hand)
 i - an amulet of regeneration (around neck)
 n - an uncursed ring of ice
 o - an uncursed ring of fire
 L - an uncursed ring of positive energy
 N - an uncursed amulet of resist corrosion
 P - a ring of protection from fire (left hand)
Wands
 x - a wand of draining (8)
 B - a wand of invisibility (5)
 J - a wand of disintegration (12)
 Q - a wand of cold (9)
 U - a wand of digging (18)
Scrolls
 r - 3 scrolls of magic mapping
 C - a scroll of enchant weapon
 G - a scroll of enchant armour
 I - 4 scrolls of remove curse
 K - 4 scrolls of recharging
 O - 2 scrolls of teleportation
Potions
 g - 2 potions of resistance {unknown}
 q - 3 potions of cancellation
 s - 2 potions of flight {unknown}
 t - 2 potions of agility
 u - 3 potions of lignification {unknown}
 w - 6 potions of curing {unknown}
 z - a potion of poison {unknown}
 D - a potion of brilliance
 F - a potion of cure mutation
 M - 2 potions of haste
Comestibles
 e - 5 bread rations
 l - a beef jerky
 p - a chunk of flesh
 E - a meat ration
 S - a slice of pizza


   Skills:
 - Level 10.0 Fighting
 + Level 11.4 Polearms
 + Level 9.1 Throwing
 + Level 9.6 Armour
 - Level 1.7 Dodging
 - Level 0.8 Stealth


You had 11 spell levels left.
You didn't know any spells.

Dungeon Overview and Level Annotations

Branches:
Dungeon (10/15)            Temple (0/1) D:4            Lair (4/8) D:10
  Swamp: Lair:3-6    Shoals: Lair:3-6     Snake: Lair:3-6    Spider: Lair:3-6
    Orc: D:9-12

Shops:
D:6 !%*?=


Innate Abilities, Weirdness & Mutations

You have an increased reservoir of magic (+10% MP).
Your attributes are resistant to harm.


Message History

* * * LOW HITPOINT WARNING * * *
You hit the spiny frog. You freeze the spiny frog.
The spiny frog is almost dead.
You feel sick. The river rat closely misses you. The spiny frog stings you.
* * * LOW HITPOINT WARNING * * *
The river rat bites you.
* * * LOW HITPOINT WARNING * * *
You hit the spiny frog but do no damage.
The spiny frog is almost dead.
You feel sick. The river rat barely misses you. The spiny frog stings you!
* * * LOW HITPOINT WARNING * * *
Drink which item? (? for menu, Esc to quit)
Okay, then.
Evoke which item? (* to show all) (? for menu, Esc to quit)
Okay, then.
Read which item? (? for menu, Esc to quit)
Okay, then.
You puncture the spiny frog! You freeze the spiny frog.
You kill the spiny frog!
You die...

#### #..######## ####
###...##P... ##..## #...........
#....# #...(....... ##..##
####..........#
############..#####.##..........#
.##..P...##P..##@##.........[...#
..............rrr...............#
..............>rr...............P
........#.##....####.#...........
.......######...## ###...........
.......# ###...P# #......<....
.......####......#####...........
.................................
######.######################..#.


You could see 5 river rats.

Vanquished Creatures
  The ghost of Clownie the Covert, a journeyman OpAs of Ashenzari (Lair:3)
  A hydra (Lair:1)
  A queen ant (Lair:2)
  A hill giant (D:8)
  4 black mambas
  12 spiny frogs
  A komodo dragon (Lair:3)
  A fire drake (Lair:2)
  A two-headed ogre (D:8)
  A troll (D:8)
  A slime creature (D:5)
  A wraith (D:10)
  A basilisk (Lair:3)
  A steam dragon (D:9)
  2 deep elf magi (D:10)
  5 hippogriffs
  22 yaks
  A wolf (Lair:1)
  7 soldier ants (Lair:2)
  3 wargs (D:10)
  7 water moccasins
  An orc warrior (D:10)
  9 porcupines
  A wasp (D:10)
  3 ice beasts
  6 ogres
  2 phantoms (D:10)
  4 centaurs
  5 crocodiles
  2 big kobolds
  10 giant frogs
  2 scorpions (D:4)
  15 killer bees
  3 electric eels (D:7)
  13 wights
  6 hounds
  5 crimson imps
  2 giant frog zombies
  9 jellies
  A giant frog skeleton (D:6)
  3 orc priests
  4 orc wizards
  Terence (D:3)
  8 iguanas
  6 sheep (Lair:1)
  28 worker ants
  2 hound skeletons
  21 adders
  21 river rats
  5 gnolls
  A shadow imp (D:10)
  9 oozes
  An adder zombie (D:6)
  3 worms
  An adder skeleton (D:9)
  20 orcs
  6 giant cockroaches
  6 hobgoblins
  10 jackals
  5 quokkas
  A ball python (D:1)
  10 bats
  5 giant geckos
  6 giant newts
  12 goblins
  A jackal skeleton (D:6)
  16 kobolds
  A quokka skeleton (D:7)
  A quokka zombie (D:6)
  5 rats
393 creatures vanquished.

Vanquished Creatures (others)
  5 fungi (D:6)
  A plant (D:7)
6 creatures vanquished.

Grand Total: 399 creatures vanquished

Notes
Turn   | Place    | Note
--------------------------------------------------------------
     0 | D:1      | Kloppie the Demigod Hunter began the quest for the Orb.
     0 | D:1      | Reached XP level 1. HP: 17/17 MP: 3/3
   190 | D:1      | Reached XP level 2. HP: 24/24 MP: 4/4
   393 | D:1      | Reached skill level 4 in Throwing
   803 | D:2      | Found a faded altar to an unknown god.
   883 | D:2      | Reached XP level 3. HP: 22/30 MP: 5/5
  1040 | D:2      | Reached skill level 1 in Polearms
  1483 | D:2      | Reached XP level 4. HP: 30/37 MP: 6/6
  1971 | D:3      | Noticed an ice beast
  2270 | D:3      | Noticed Terence
  2309 | D:3      | Killed Terence
  2621 | D:3      | Reached XP level 5. HP: 45/45 MP: 7/7
  2759 | D:3      | Found a stormy altar of Qazlal.
  2761 | D:3      | Found a bloodstained altar of Trog.
  2763 | D:3      | Found a sacrificial altar of Ru.
  2764 | D:3      | Found an opulent altar of Gozag.
  2764 | D:3      | Found an iron altar of Okawaru.
  3346 | D:3      | Killed an ice beast
  3346 | D:3      | Reached skill level 5 in Throwing
  3346 | D:3      | Reached XP level 6. HP: 50/52 MP: 8/8
  4047 | D:4      | Found a staircase to the Ecumenical Temple.
  4342 | D:4      | Found a deep blue altar of Sif Muna.
  4342 | D:4      | Found a snail-covered altar of Cheibriados.
  4344 | D:4      | Found a sparkling altar of Nemelex Xobeh.
  4387 | D:5      | Entered Level 5 of the Dungeon
  4454 | D:4      | Reached XP level 7. HP: 46/60 MP: 9/9
  5040 | D:5      | Reached skill level 6 in Throwing
  5143 | D:5      | Reached skill level 5 in Fighting
  5283 | D:6      | Found Ineot's Magic Scroll Boutique.
  5287 | D:6      | Found Weikaost's Jewellery Emporium.
  5290 | D:6      | Bought a scroll of remove curse for 33 gold pieces
  5290 | D:6      | Bought a scroll of enchant armour for 82 gold pieces
  5290 | D:6      | Bought a scroll of identify for 22 gold pieces
  5290 | D:6      | Bought a scroll of identify for 22 gold pieces
  5392 | D:6      | Reached skill level 5 in Polearms
  5392 | D:6      | Reached XP level 8. HP: 56/69 MP: 10/10
  5499 | D:6      | Found Powuipsiwito's Assorted Antiques.
  5500 | D:6      | Found Biugiezaut's Food Shoppe.
  5509 | D:6      | Bought an iridescent trident for 144 gold pieces
  5509 | D:6      | Bought a scroll of remove curse for 51 gold pieces
  5509 | D:6      | Bought a dark potion for 15 gold pieces
  5509 | D:6      | Identified the +5 trident of Niaskies {freeze, rElec rF- Str+3 SInv} (You bought it in a shop on level 6 of the Dungeon)
  5609 | D:6      | Found Kawnilel's Distillery.
  5617 | D:6      | Bought a potion of degeneration for 13 gold pieces
  5646 | D:6      | Reached skill level 7 in Throwing
  5663 | D:6      | Found a burning altar of Makhleb.
  5714 | D:6      | Noticed a slime creature
  5740 | D:5      | Killed a slime creature
  5740 | D:5      | Reached skill level 1 in Armour
  6068 | D:7      | Reached XP level 9. HP: 68/78 MP: 11/11
  7476 | D:8      | Reached skill level 8 in Fighting
  7824 | D:8      | Found a shadowy altar of Dithmenos.
  7848 | D:8      | Noticed a hill giant
  7853 | D:8      | Killed a hill giant
  7853 | D:8      | Reached skill level 5 in Armour
  7853 | D:8      | Reached XP level 10. HP: 88/88 MP: 13/13
  8574 | D:9      | Reached skill level 9 in Fighting
  8948 | D:9      | Found a white marble altar of Elyvilon.
  8948 | D:9      | Found a shattered altar of Ashenzari.
  9063 | D:10     | Entered Level 10 of the Dungeon
  9611 | D:10     | Found a staircase to the Lair.
  9637 | D:10     | Reached XP level 11. HP: 87/97 MP: 14/14
 10158 | Lair:1   | Entered Level 1 of the Lair of Beasts
 10703 | Lair:1   | Reached skill level 10 in Fighting
 10703 | Lair:1   | Reached skill level 10 in Polearms
 11138 | Lair:1   | Noticed a five-headed hydra
 11527 | Lair:1   | Killed a five-headed hydra
 12110 | Lair:2   | Noticed a queen ant
 12133 | Lair:2   | Killed a queen ant
 13260 | Lair:3   | Reached XP level 12. HP: 102/106 MP: 15/15
 13304 | Lair:3   | Noticed Clownie's ghost (journeyman OpAs)
 13340 | Lair:3   | Killed Clownie's ghost
 13340 | Lair:3   | Reached skill level 11 in Polearms
 13546 | Lair:3   | Got a pair of polished gloves
 13547 | Lair:3   | Identified the +0 pair of gloves of the Forest {Str+5} (You found it on level 3 of the Lair of Beasts)
 14357 | Lair:3   | HP: 2/106 [spiny frog (14)]
 14358 | Lair:3   | Succumbed to a spiny frog's poison

Action                   |  1- 3 |  4- 6 |  7- 9 | 10-12 || total
-------------------------+-------+-------+-------+-------++-------
Melee: Short sword       |    62 |       |       |       ||    62
       Spear             |   125 |   343 |   132 |       ||   600
       Trident           |       |       |   395 |   768 ||  1163
 Fire: Blowgun           |       |       |       |    32 ||    32
Throw: Javelin           |    22 |    30 |    22 |     6 ||    80
       Throwing net      |     1 |     1 |     3 |     1 ||     6
  Use: Scroll            |       |       |    18 |     5 ||    23
       Potion            |       |       |     1 |     6 ||     7
 Stab: Held in net/web   |     2 |     1 |       |       ||     3
       Distracted        |       |       |       |     1 ||     1
  Eat: Chunk             |     2 |    11 |    14 |    22 ||    49
       Meat ration       |       |       |       |     1 ||     1
       Beef jerky        |       |       |       |     1 ||     1
